 Dungeon Crawl Stone Soup version 0.17-a0-1718-g72dbe4d (webtiles) character file.

969 KambridgeKobold the Magician (level 7, -7/50 HPs)
             Began as a Purple Draconian Conjurer on Aug 26, 2015.
             Mangled by Duvessa
             ... wielding a cursed +0 rapier
              (10 damage)
             ... on level 5 of the Dungeon.
             The game lasted 00:23:32 (5913 turns).

KambridgeKobold the Magician (DrCj)                 Turns: 5913, Time: 00:23:32

Health: -7/50      AC: 14    Str: 10    XL:     7   Next: 94%
Magic:  0/17       EV: 12    Int: 17    God:
Gold:   116        SH:  0    Dex: 15    Spells: 4 memorised, 10 levels left

rFire  . . .     SeeInvis .     h - +0 whip
rCold  . . .     Clarity  .     (armour unavailable)
rNeg   . . .     SustAt   .     (no shield)
rPois  .         Gourm    .     u - +2 hat
rElec  .         Spirit   +     (no cloak)
rCorr  .         Warding  .     (no gloves)
rMut   .         Stasis   .     d - +0 pair of boots
MR     +....                    t - amulet of guardian spirit
Stlth  ++........               F - +3 ring of dexterity
                                q - +5 ring of protection

@: somewhat resistant to hostile enchantments, unstealthy
A: breathe power, unfitting armour, cold-blooded, AC +6
a: Breathe Dispelling Energy


You were on level 5 of the Dungeon.
You were hungry.

You visited 1 branch of the dungeon, and saw 5 of its levels.

You collected 186 gold pieces.
You spent 70 gold pieces at shops.

Inventory:

Hand weapons
 h - a +0 whip (weapon)
 j - a -2 dagger
 k - a cursed -3 hunting sling
 n - a +0 short sword
 x - a +0 trident
 y - a +0 long sword
Missiles
 f - 2 throwing nets (quivered)
 m - 211 stones
Armour
 d - a +0 pair of boots (worn)
 u - a +2 hat (worn)
Jewellery
 p - an uncursed amulet of rage
 q - a +5 ring of protection (left hand)
 t - an amulet of guardian spirit (around neck)
 w - an uncursed amulet of rage
 F - a +3 ring of dexterity (right hand)
Magical devices
 C - a wand of fire (6)
 E - a wand of flame (22)
Scrolls
 c - 2 scrolls of remove curse
 e - a scroll of identify
 g - 2 scrolls of blinking
 r - a scroll of random uselessness {unknown}
 s - a scroll of teleportation {unknown}
 A - 2 scrolls of magic mapping {unknown}
 D - a scroll of noise {unknown}
Potions
 i - a potion of brilliance {unknown}
 l - a potion of agility {unknown}
 o - a potion of cure mutation {unknown}
 v - a potion of poison {unknown}
 B - a potion of haste {unknown}
Books
 a - a book of Conjurations

   Spells                             Type                      Level
   a - Magic Dart                     Conjuration                  1
   b - Searing Ray                    Conjuration                  2
   c - Dazzling Spray                 Conjuration/Hexes            3
   d - Fulminant Prism                Conjuration/Hexes            4
   e - Iskenderun's Mystic Blast      Conjuration                  4
   f - Iskenderun's Battlesphere      Conjuration/Charms           5
Comestibles
 b - 6 bread rations
 z - 4 meat rations
 G - a chunk of flesh


   Skills:
 - Level 1.7 Dodging
 - Level 1.7 Stealth
 + Level 7.2 Spellcasting
 - Level 5.0 Conjurations
 + Level 6.4 Hexes


You had 10 spell levels left.
You knew the following spells:

 Your Spells              Type           Power        Failure   Level  Hunger
a - Magic Dart            Conj           ###.         1%          1    None
b - Searing Ray           Conj           ###...       2%          2    None
c - Dazzling Spray        Conj/Hex       ####....     3%          3    ##.....
d - Iskenderun's Mystic   Conj           ###.....     17%         4    ####...


Dungeon Overview and Level Annotations

Branches:
Dungeon (5/15)
 Temple: D:4-7

Altars:
Yredelemnul

Shops:
D:4 %

Annotations:
D:5 Duvessa


Innate Abilities, Weirdness & Mutations

You can breathe bolts of dispelling energy.
Your rich purple scales are hard (AC +6).
Your body does not fit into most forms of armour.
You are cold-blooded and may be slowed by cold attacks.


Message History

Duvessa rages.
Duvessa hits you with a rapier. Duvessa hits you but does no damage.
Duvessa hits you but does no damage.
Duvessa rages.
Duvessa hits you with a rapier!
* * * LOW HITPOINT WARNING * * *
Duvessa misses you. Duvessa hits you with a rapier!
* * * LOW HITPOINT WARNING * * *
Duvessa hits you but does no damage.
Read which item? (? for menu, Esc to quit)
As you read the scroll labeled IXUPYCATEAPP, it crumbles to dust.
It is a scroll of identify.
Identify which item? (\ to view known items) (? for menu, Esc to quit)
g - 2 scrolls of blinking Duvessa hits you with a rapier.
* * * LOW HITPOINT WARNING * * *
Duvessa hits you with a rapier!
You die...

.# #.# #........# #.# .#######.#
#........# #.#
.........##########...######.####
...#####.........................
...# #.........%.........#.#...
...#####...#..#...#..#...........
.......#..#....#.#....#....#.#...
.......'.###################.####
.......#.##.###e@.###.## ##.##.)#
.......#.#.#...###.#.#.###.#####.
...#####.#.########.###...####..#
<........##.##..##.## ####.##.###
.......#.###.###).## ##..##
.......#.####.###################
.......#.##........).............
.......#.#≈≈≈≈≈≈≈≈≈≈≈≈≈≈≈≈≈e≈≈≈≈≈
.......#.#≈≈≈≈≈≈≈≈≈≈≈≈≈≈≈≈≈≈≈≈≈≈≈


You could see Duvessa (berserk).

Vanquished Creatures
  A water moccasin (D:5)
  The ghost of cmdexe the Skirmisher, an average DsFi (D:4)
  2 ogres
  A giant frog (D:3)
  A gnoll sergeant (D:5)
  Dowan (D:5)
  A jelly (D:5)
  A crimson imp (D:5)
  2 orc priests
  An iguana (D:4)
  3 worker ants
  A killer bee zombie (D:5)
  A shadow imp (D:5)
  8 adders
  4 oozes
  4 worms
  2 giant geckos
  17 orcs
  11 bats
  10 hobgoblins
  9 jackals
  7 kobolds
  3 quokkas
  3 ball pythons
  4 giant cockroaches
  3 giant newts (D:2)
  12 goblins
  A jackal skeleton (D:4)
  A quokka skeleton (D:4)
  12 rats
128 creatures vanquished.

Notes
Turn   | Place    | Note
--------------------------------------------------------------
     0 | D:1      | KambridgeKobold the Draconian Conjurer began the quest for the Orb.
     0 | D:1      | Reached XP level 1. HP: 14/14 MP: 3/3
   315 | D:1      | Reached XP level 2. HP: 20/20 MP: 1/5
   439 | D:1      | Learned a level 2 spell: Searing Ray
   770 | D:1      | Reached XP level 3. HP: 22/26 MP: 2/6
  1306 | D:2      | Reached skill level 5 in Conjurations
  1404 | D:2      | Reached XP level 4. HP: 33/33 MP: 4/8
  1479 | D:2      | Learned a level 3 spell: Dazzling Spray
  1916 | D:2      | Found a basalt altar of Yredelemnul.
  1931 | D:2      | Reached skill level 1 in Hexes
  2122 | D:3      | Noticed a giant frog
  2138 | D:3      | Killed a giant frog
  2138 | D:3      | Reached XP level 5. HP: 35/38 MP: 1/10
  2328 | D:3      | Learned a level 4 spell: Iskenderun's Mystic Blast
  3511 | D:4      | Reached XP level 6. HP: 45/45 MP: 0/12
  3772 | D:4      | Found Kivopp's Food Boutique.
  3788 | D:4      | Bought a bread ration for 70 gold pieces
  3934 | D:4      | Noticed an ogre
  3938 | D:4      | Killed an ogre
  4023 | D:4      | Noticed cmdexe's ghost (average DsFi)
  4079 | D:4      | Killed cmdexe's ghost
  4691 | D:5      | Entered Level 5 of the Dungeon
  4811 | D:5      | Reached skill level 5 in Spellcasting
  4811 | D:5      | Your scales start taking on a rich purple colour.
  4811 | D:5      | Reached XP level 7. HP: 34/50 MP: 6/15
  4954 | D:5      | Reached skill level 6 in Spellcasting
  4954 | D:5      | Reached skill level 5 in Hexes
  5284 | D:5      | Noticed a water moccasin
  5293 | D:5      | Killed a water moccasin
  5739 | D:5      | Reached skill level 7 in Spellcasting
  5858 | D:5      | Noticed Dowan
  5880 | D:5      | Noticed Duvessa
  5893 | D:5      | Killed Dowan
  5913 | D:5      | Mangled by Duvessa

Vault maps used:
D:1:      saegor_arrival_simple_b
D:2:      old_standard_altar
D:3:      first_bread, kennysheep_generic_room_4
D:4:      serial_shops, shop
D:5:      wad_river_or_something, nicolae_dithmenos_through_a_glass_darkly,
          kennysheep_cluttered_room, uniq_duvessa

Action                   |  1- 3 |  4- 6 |  7- 9 || total
-------------------------+-------+-------+-------++-------
Melee: Whip              |     3 |   110 |    30 ||   143
       Unarmed           |     1 |       |       ||     1
       Club              |     1 |       |       ||     1
       Dagger            |    25 |     4 |       ||    29
 Cast: Magic Dart        |    70 |   110 |    17 ||   197
       Searing Ray       |     1 |    11 |    12 ||    24
       Dazzling Spray    |       |     3 |     2 ||     5
       Iskenderun's Myst |       |     1 |       ||     1
 Abil: Breathe Dispellin |       |       |     1 ||     1
  Use: Scroll            |       |     1 |     1 ||     2
  Eat: Chunk             |     2 |     9 |     4 ||    15
       Royal jelly       |       |     1 |       ||     1
